Map: Cactus Valley LE (Void)

Players

PutinHuilo - Winner!

  • Race: Terran Terran

Bop

  • Race: Terran Terran

VOD

Have the link to the VOD?

Description

Time

  • Played on: May 4, 2015, 6:05 p.m.
  • Length: 13:13
Show
View Real Time Build Order
Export as new Build Order

PutinHuilo Terran - Winner!

Build Orders: MMM Bio 

Get SALT Encoding   

  12  0:01  SCV  
  13  0:15  SCV  
  14  0:26  Supply Depot  
  14  0:27  SCV  
  15  0:47  SCV  
  15  0:49  Barracks  
  16  0:54  Refinery  
  16  0:59  SCV  
  17  1:12  SCV  
  18  1:24  SCV  
  19  1:36  Orbital Command  
  19  1:37  Supply Depot, Marine  
  20  1:55  Marine  
  21  2:04  Command Center, Factory  
  21  2:05  SCV  
  22  2:18  SCV  
  22  2:19  Refinery  
  22  2:21  Barracks Reactor  
  23  2:33  SCV  
  24  2:43  Supply Depot  
  24  2:45  SCV  
  25  2:57  SCV  
  26  3:12  Hellion x2, Marine  
  30  3:16  SCV  
  30  3:18  Orbital Command  
  27  3:30  Marine  
  27  3:33  Hellion x2  
  27  3:58  SCV x2  
  29  4:10  SCV  
  29  4:11  Hellion x2  
  29  4:13  SCV  
  35  4:22  SCV  
  36  4:25  SCV  
  37  4:31  Barracks Tech Lab  
  37  4:32  Starport  
  37  4:34  SCV  
  37  4:36  Orbital Command  
  42  4:38  Hellion x2  
  42  4:46  SCV  
  43  4:59  SCV  
  44  5:03  Bunker  
  44  5:10  Hellion x2  
  44  5:11  SCV  
  49  5:15  SCV  
  50  5:22  Banshee  
  50  5:23  SCV, Cloaking Field  
  50  5:26  Supply Depot  
  50  5:27  SCV  
  54  5:36  Supply Depot  
  54  5:47  SCV x2  
  56  5:59  SCV x2  
  56  6:00  Hellion x2  
  62  6:07  Supply Depot  
  62  6:08  Supply Depot, Barracks Tech Lab, Banshee  
  62  6:09  Barracks  
  62  6:11  SCV x2, Barracks  
  65  6:14  Barracks  
  67  6:23  SCV  
  68  6:26  Hellion  
  68  6:28  SCV, Hellion  
  68  6:32  Stimpack, Marine  
  73  6:34  Supply Depot x2  
  70  6:47  Hellion  
  51  7:16  SCV x2  
  51  7:18  Barracks Reactor, Refinery  
  51  7:19  Barracks Reactor x2, Refinery, Marine  
  54  7:28  SCV x2  
  56  7:33  Medivac x2  
  56  7:34  Command Center, Engineering Bay  
  56  7:35  Siege Tank, Engineering Bay  
  63  7:38  Command Center  
  63  7:42  SCV x2  
  67  7:58  SCV x2  
  67  7:59  Marine x5  
  67  8:00  Marine x2  
  67  8:03  Medivac  
  76  8:08  Terran Infantry Weapons Level 1, Siege Tank, Sensor Tower  
  76  8:10  SCV x2  
  81  8:17  Marine  
  82  8:22  Armory, Marine x6  
  82  8:25  Sensor Tower  
  88  8:29  SCV x2  
  88  8:32  Medivac  
  92  8:35  Combat Shields, Marine  
  92  8:36  Supply Depot  
  92  8:39  Marine  
  92  8:41  SCV  
  95  8:48  Marine x3  
  95  8:54  Marine x3  
  99  8:57  Marine  
  99  8:58  Siege Tank  
  99  9:00  Planetary Fortress  
  103  9:06  Marine x3  
  106  9:12  Marine  
  103  9:22  Marine x2  
  103  9:23  Orbital Command  
  99  9:29  SCV x2  
  99  9:30  Marine x3  
  99  9:31  Marine  
  105  9:40  Marine x3  
  105  9:41  SCV  
  105  9:44  Supply Depot  
  105  9:45  Sensor Tower  
  109  9:46  Terran Infantry Armor Level 1, Supply Depot  
  109  9:48  Marine  
  110  9:58  Marine x5  
  112  10:06  Marine x2  
  114  10:07  Refinery  
  114  10:10  SCV, Refinery  
  114  10:11  SCV x2  
  114  10:14  Supply Depot  
  117  10:16  Supply Depot, Marine x3  
  117  10:20  Marine x2  
  122  10:21  Siege Tank  
  122  10:23  SCV x3, Medivac  
  122  10:24  Marine  
  122  10:25  SCV  
  132  10:35  SCV  
  116  10:52  Marine x5  
  116  10:53  Marine x2  
  116  10:54  Siege Tank  
  116  10:55  Medivac x2  
  125  11:10  Marine x7  
  132  11:15  Barracks x2  
  132  11:16  Barracks  
  129  11:25  Medivac x2  
  133  11:26  Siege Tank  
  133  11:28  Marine x4  
  140  11:36  Marine  
  140  11:37  Marine x2  
  143  11:45  Command Center  
  143  11:46  Marine x4  
  137  11:54  Marine x2  
  137  11:55  Medivac x2, Marine  
  137  11:58  Siege Tank  
  147  12:03  Marine x2  
  147  12:04  Marine x2  
  147  12:07  Marine x3  
  154  12:12  Marine x3  
  157  12:21  Marine x4  
  160  12:25  Marine x3, Medivac x2  
  167  12:33  Supply Depot  
  167  12:35  Marine x3  
  170  12:39  Marine x2  
  170  12:40  Siege Tank  
  172  12:47  Marine x2  
  172  12:49  Marine x3  
  172  12:53  Marine x2  
Show
View Real Time Build Order
Export as new Build Order

Bop Terran 

Build Orders: MMM Bio 

Get SALT Encoding   

  12  0:01  SCV  
  13  0:13  SCV  
  14  0:26  Supply Depot  
  14  0:27  SCV  
  15  0:47  SCV  
  16  0:50  Refinery, Barracks  
  16  1:00  SCV  
  17  1:12  SCV  
  17  1:14  Barracks  
  18  1:24  SCV  
  19  1:37  Reaper, Orbital Command  
  20  1:41  Supply Depot  
  20  2:04  Reaper, Barracks  
  20  2:05  Barracks  
  22  2:08  SCV  
  22  2:13  Reaper  
  23  2:20  Refinery  
  23  2:28  SCV  
  24  2:36  Reaper  
  25  2:40  SCV  
  25  2:41  Supply Depot  
  26  2:50  Reaper  
  27  2:52  SCV  
  28  3:03  Reaper x2  
  28  3:04  SCV  
  31  3:17  Reaper  
  31  3:19  SCV  
  33  3:30  Reaper  
  33  3:31  SCV  
  35  3:40  Reaper  
  34  3:49  Reaper x2  
  34  3:52  SCV  
  35  3:57  Supply Depot  
  35  4:02  Command Center  
  35  4:13  Barracks Reactor  
  35  4:18  SCV  
  35  4:22  Barracks Tech Lab  
  36  4:30  Marine x2  
  38  4:40  Missile Turret  
  38  4:42  Stimpack  
  38  4:43  SCV  
  39  4:50  Missile Turret  
  39  4:51  Marine x4  
  39  4:52  Marine  
  44  4:55  SCV  
  44  4:57  Factory  
  45  5:07  SCV  
  45  5:09  Marine  
  45  5:14  Marine  
  47  5:16  Supply Depot  
  47  5:17  Orbital Command  
  48  5:25  SCV  
  48  5:28  Marine x2  
  51  5:38  SCV  
  52  5:45  Bunker  
  52  5:50  Factory Tech Lab  
  52  5:54  Orbital Command  
  49  6:00  Marine  
  49  6:01  Marine x4  
  53  6:08  Starport  
  51  6:18  Marine x3  
  54  6:26  Marine  
  54  6:27  Siege Tank, Marine  
  54  6:30  Bunker  
  59  6:35  SCV x2  
  56  6:47  SCV  
  47  6:55  Marine x4  
  47  6:57  SCV  
  47  6:59  SCV, Siege Tank  
  47  7:05  Marine  
  43  7:09  SCV  
  43  7:11  SCV  
  43  7:12  Marine  
  43  7:13  Marine  
  42  7:18  Barracks Reactor x2  
  42  7:21  SCV, Medivac  
  45  7:23  SCV  
  45  7:24  Engineering Bay  
  45  7:25  Armory  
  46  7:33  SCV, Marine x2  
  46  7:34  Command Center  
  46  7:35  SCV  
  50  7:45  Marine  
  50  7:51  Marine x2  
  53  7:59  Missile Turret, Marine x3  
  53  8:00  Marine  
  53  8:03  Missile Turret, Marine  
  53  8:05  SCV x2  
  60  8:09  Marine x2  
  62  8:17  Marine  
  63  8:24  Marine x4  
  63  8:25  Siege Tank  
  70  8:31  Combat Shields  
  70  8:45  Marine x4  
  70  8:46  Medivac  
  74  8:51  Marine  
  64  8:58  Siege Tank  
  64  9:01  Orbital Command  
  66  9:03  Refinery x2, Marine x2  
  67  9:15  Marine x3  
  66  9:21  Marine  
  65  9:27  Marine  
  65  9:30  Siege Tank  
  69  9:32  Marine x2  
  69  9:33  Marine x2  
  73  9:39  Orbital Command  
  73  9:47  Marine  
  73  9:48  Marine x2  
  73  9:50  SCV x2, Marine x2  
  73  9:52  Supply Depot  
  80  9:56  Terran Infantry Weapons Level 1  
  80  9:57  Missile Turret  
  80  10:01  Marine  
  80  10:02  SCV, Marine  
  80  10:05  Marine  
  80  10:06  Marine  
  85  10:07  Starport Reactor  
  85  10:12  Supply Depot  
  85  10:17  Terran Vehicle and Ship Weapons Level 1  
  85  10:19  Marine  
  85  10:20  Marine x2  
  88  10:23  Marine x2  
  88  10:26  SCV x3  
  88  10:28  Barracks Reactor  
  93  10:34  Medivac x2  
  97  10:37  Marine x2  
  97  10:38  SCV  
  98  10:47  Marine  
  98  10:48  Marine  
  98  10:49  Marine  
  91  10:53  SCV x2  
  91  10:55  Marine x2  
  94  11:03  Missile Turret  
  94  11:04  Marine, Medivac  
  94  11:06  Marine  
  98  11:15  Marine  
  98  11:16  Marine x4  
  103  11:22  Marine  
  103  11:24  Marine  
  103  11:25  SCV x2  
  107  11:33  Marine  
  107  11:34  SCV  
  109  11:44  Marine  
  109  11:45  Marine x2  
  109  11:46  Marine  
  109  11:50  Siege Tank  
  109  11:53  Marine x3  
  107  12:02  Marine x2  
  109  12:31  Medivac, Siege Tank, Marine x3  
  109  12:32  Supply Depot  
  109  12:34  Supply Depot  
  117  12:39  Marine x3  
  117  12:48  Marine  
Tags
 
Add a new tag
Caveats
  • Supply blocks, unpowered buildings, or Contaminate may cause inaccurate times.
  • Supply counts are checked every 10 seconds.